 Dungeon Crawl Stone Soup version 0.27-a0-1144-g0b7d3b79db (webtiles) character file.

Game seed: 11522143599324315179

40087 polve the Grappler (level 13, -3/107 HPs)
             Began as a Demonspawn Abyssal Knight on May 10, 2021.
             Was a High Priest of Lugonu.
             Killed from afar by a rime drake (25 damage)
             ... with a flash freeze
             ... on level 6 of the Lair of Beasts.
             The game lasted 00:33:29 (22481 turns).

polve the Grappler (Demonspawn Abyssal Knight)     Turns: 22481, Time: 00:33:29

Health: -3/107     AC: 14    Str: 22    XL:     13   Next: 72%
Magic:  0/20       EV: 12    Int: 14    God:    Lugonu [*****.]
Gold:   831        SH:  0    Dex: 14    Spells: 2/12 levels left

rFire    . . .     SeeInvis .     - Unarmed
rCold    . . .     Faith    .   (no shield)
rNeg     . . .     Spirit   +   a - +0 swamp dragon scales
rPois    +         Reflect  .   j - +0 helmet
rElec    .         Harm     .   i - +0 cloak
rCorr    .         Rampage  .   (gloves unavailable)
Will     .....                  (no boots)
Stlth    ++........             k - amulet of guardian spirit
HPRegen  0.27/turn              E - +4 ring of slaying
MPRegen  0.17/turn              v - +6 ring of strength

@: mighty, studying Air Magic
A: claws 3, slimy green scales 2, demonic guardian 2, demonic magic 1
a: Renounce Religion, Depart the Abyss, Bend Space, Banish, Corrupt, Enter the
Abyss


You were on level 6 of the Lair of Beasts.
You worshipped Lugonu.
Lugonu was extremely pleased with you.
You visited 2 branches of the dungeon, and saw 15 of its levels.
You visited the Abyss 1 time.

You collected 831 gold pieces.

Inventory:

Hand Weapons
 n - a +2 dagger of electrocution
Missiles
 H - 9 curare-tipped darts
Armour
 a - +0 swamp dragon scales (worn)
 i - a +0 cloak (worn)
 j - a +0 helmet (worn)
Jewellery
 d - an amulet of the acrobat
 k - an amulet of guardian spirit (around neck)
 s - a ring of positive energy
 v - a +6 ring of strength (right claw)
 B - a ring of magical power
 E - a +4 ring of slaying (left claw)
 I - a ring of protection from fire
Wands
 e - a wand of paralysis (6)
 m - a wand of mindburst (8)
 u - a wand of iceblast (46)
 A - a wand of digging (16)
 D - a wand of charming (7)
Scrolls
 b - a scroll of magic mapping {unknown}
 c - 3 scrolls of vulnerability
 f - 3 scrolls of summoning {unknown}
 g - 2 scrolls of noise {unknown}
 h - 7 scrolls of teleportation
 p - 4 scrolls of fear
 w - 2 scrolls of amnesia
 y - 2 scrolls of enchant weapon
Potions
 l - a potion of magic
 o - a potion of ambrosia
 q - a potion of resistance
 r - a potion of haste {unknown}
 t - a potion of brilliance {unknown}
 x - 4 potions of berserk rage
 z - 3 potions of curing
 C - a potion of flight {unknown}
 F - a potion of mutation {unknown}
 G - a potion of might


   Skills:
 + Level 11.9 Fighting
 - Level 2.5 Short Blades
 - Level 6.0 Armour
 - Level 4.0 Dodging
 - Level 5.0 Stealth
 + Level 12.7 Unarmed Combat
 - Level 7.0 Conjurations
 - Level 7.0 Air Magic
 - Level 10.0 Invocations


You had 2 spell levels left.
You knew the following spells:

 Your Spells              Type           Power      Damage    Failure   Level
d - Static Discharge      Conj/Air       19%        N/A       3%          2
s - Swiftness             Air            19%        N/A       8%          3
z - Lightning Bolt        Conj/Air       9%         1d22      56%         5

Your spell library contained the following spells:

 Spells                   Type           Power      Damage    Failure   Level
 Shock                    Conj/Air       76%        1d7       2%          1
 Foxfire                  Conj/Fire      36%        2x1d5     11%         1
 Airstrike                Air            9%         N/A       24%         4
 Conjure Flame            Conj/Fire      9%         6-21      30%         3
 Sticky Flame             Conj/Fire      9%         2d3       71%         4
 Ignite Poison            Fire/Tmut/Pois 0%         N/A       78%         3
 Inner Flame              Hex/Fire       0%         N/A       78%         3
 Bolt of Magma            Conj/Fire/Erth 3%         4d5       99%         5
 Summon Forest            Summ/Tloc      0%         N/A       100%        5
 Summon Mana Viper        Hex/Summ       0%         N/A       100%        5
 Shadow Creatures         Summ           N/A        N/A       100%        6
 Summon Hydra             Summ           0%         N/A       100%        7


Dungeon Overview and Level Annotations

Branches:
Dungeon (9/15)             Temple (0/1) D:6            Lair (6/6) D:8
 Shoals (0/4) Lair:2       Spider (0/4) Lair:3        Slime (0/5) Lair:5
    Orc: D:9-12

Altars:
Nemelex Xobeh
Okawaru
Qazlal
Sif Muna
The Shining One
Jiyva

Shops:
D:2 :

Annotations:
Lair:1 3 runed translucent doors, ma3's ghost, journeyman OpCj


Innate Abilities, Weirdness & Mutations

You have claws for hands.
You are mostly covered in slimy green scales. (AC +3)
A demonic guardian rushes to your aid.
Spells you cast may paralyse adjacent enemies.


Message History

You kill the blink frog!
Lugonu accepts your kill. The ice encasing you melts away.
The blink frog blinks!
The rat misses you.
You scratch the rime drake.
The rime drake is lightly wounded.
The blink frog hits you but does no damage.
The rat bites you but does no damage. The rime drake breathes ice at you.
The flash freeze hits you!
* * * LOW HITPOINT WARNING * * *
You are encased in ice.
Space bends sharply around you!
The rime drake blinks!
The blink frog blinks!
The fungus begins to die.
You blink.
Press: ? - help, Shift-Dir - straight line, f - blink frog
Aim: a blink frog (chance to affect: 74%)
The blink frog is devoured by a tear in reality.
Lugonu claims a new guest.
The ice encasing you melts away.
A nearby fungus withers and dies.
A basilisk comes into view.
The blink frog blinks!
It was a potion of might.
You feel very mighty all of a sudden.
The blink frog blinks!
You eviscerate the rat!!!
You kill the rat!
Lugonu accepts your kill. The basilisk gazes at you.
You easily resist.
You mangle the blink frog!!
The blink frog is severely wounded.
The blink frog hits you.
* * * LOW HITPOINT WARNING * * *
You mangle the blink frog!!
You kill the blink frog!
Lugonu accepts your kill. The rime drake breathes ice at you.
The flash freeze hits you!!
You die...

.....................#
....l...............P##
......................##
....................P..##
PP...................#..#
##PP....#P.#P..........###
##P......P...............#
..........P............###
..†#.#..........@.l.....#
.#.†..†.####..####k#.P..#
#####.†.# # ##...#.#
#..##...# ##†..##
...#P...# #..## !†......##
#..P# .........# #...###
.........# #..§..##
.........# #......#


You could see a basilisk and a rime drake (catching breath).

Vanquished Creatures
  A two-headed ogre (D:9)
  14 death yaks (Lair:5)
  Sonja (Lair:5)
  A lindwurm (Lair:3)
  A harpy (Lair:6)
  Pikel (D:4)
  6 elephants
  Maurice (D:8)
  A black mamba (Lair:2)
  13 cane toads
  Maggie (D:8)
  5 rime drakes
  10 komodo dragons
  2 hornets
  A polar bear (Lair:3)
  17 blink frogs
  31 yaks
  Sigmund (D:6)
  7 wyverns
  4 basilisks
  11 water moccasins
  2 wargs
  2 ice beasts (D:7)
  A sky beast (D:6)
  A necrophage (D:5)
  An orc warrior (D:8)
  13 wolves
  A hornet zombie (D:8)
  7 centaurs
  A kobold brigand (D:8)
  10 bullfrogs
  3 scorpions
  Blork the orc (D:5)
  A water moccasin skeleton (D:4)
  5 killer bees
  3 howler monkeys
  A centaur zombie (D:9)
  3 hounds
  A bullfrog zombie (D:5)
  An orc priest (D:8)
  2 gnoll shamans
  Ijyb (D:5)
  10 iguanas
  10 orc wizards
  4 hell rats (Lair:6)
  7 gnolls
  8 adders
  A white imp (D:7)
  An adder skeleton (D:4)
  4 worms
  4 dart slugs
  27 orcs
  3 bats
  10 endoplasms
  3 giant cockroaches
  2 goblins
  5 hobgoblins
  16 kobolds
  4 quokkas
  3 ball pythons
  7 frilled lizards
  7 rats
327 creatures vanquished.

Vanquished Creatures (collateral kills)
  2 cane toads (Lair:5)
  3 blink frogs
  A yak (Lair:5)
  An ice beast (D:5)
  A wolf (Lair:3)
  A killer bee (D:7)
  A howler monkey (D:8)
  An adder (Lair:1)
  An orc (D:7)
12 creatures vanquished.

Vanquished Creatures (others)
  52 fungi
  114 plants
166 creatures vanquished.

Grand Total: 505 creatures vanquished

Notes
Turn   | Place    | Note
-------+----------+-------------------------------------------
     0 | Abyss:1  | polve the Demonspawn Abyssal Knight began the quest for the
                  | Orb.
     0 | Abyss:1  | Reached XP level 1. HP: 18/18 MP: 2/2
    66 | Abyss:1  | Noticed a small abomination
    72 | D:1      | Escaped the Abyss
   326 | D:1      | Gained mutation: You have sharp fingernails. [demonic
                  | ancestry]
   326 | D:1      | Reached XP level 2. HP: 19/24 MP: 3/3
   568 | D:1      | Reached ** piety under Lugonu
   569 | D:1      | Reached skill level 1 in Unarmed Combat
   801 | D:1      | Found a faded altar of an unknown god.
   983 | D:1      | Gained mutation: You are partially covered in slimy green
                  | scales. (AC +2) [demonic ancestry]
   983 | D:1      | Reached XP level 3. HP: 27/29 MP: 4/4
  1197 | D:1      | Reached skill level 2 in Unarmed Combat
  1504 | D:2      | Found a sparkling altar of Nemelex Xobeh.
  1557 | D:2      | Found Jaovof's Book Shoppe.
  2280 | D:3      | Reached XP level 4. HP: 19/35 MP: 5/5
  2302 | D:3      | Reached skill level 3 in Unarmed Combat
  2509 | D:3      | Noticed a scorpion
  2530 | D:3      | Killed a scorpion
  2531 | D:3      | Reached XP level 5. HP: 21/41 MP: 6/6
  2799 | D:3      | Reached skill level 4 in Unarmed Combat
  3663 | D:4      | Noticed a lemure
  3663 | D:4      | Noticed a lemure
  3664 | D:4      | Noticed Pikel
  3664 | D:4      | Noticed a lemure
  3666 | D:4      | Noticed a lemure
  3693 | D:4      | Killed Pikel
  3694 | D:4      | Reached skill level 6 in Unarmed Combat
  3694 | D:4      | Gained mutation: A weak demonic guardian rushes to your
                  | aid. [demonic ancestry]
  3694 | D:4      | Reached XP level 6. HP: 20/49 MP: 3/7
  3694 | D:4      | Gained mutation: A demonic guardian rushes to your aid.
                  | [demonic ancestry]
  3694 | D:4      | Reached XP level 7. HP: 22/55 MP: 3/8
  4620 | D:5      | Entered Level 5 of the Dungeon
  4631 | D:5      | Noticed Blork the orc
  4641 | D:5      | Killed Blork the orc
  4959 | D:5      | Reached skill level 5 in Fighting
  5051 | D:5      | Reached skill level 7 in Unarmed Combat
  5168 | D:5      | Gained mutation: Spells you cast may paralyse adjacent
                  | enemies. [demonic ancestry]
  5168 | D:5      | Reached XP level 8. HP: 61/62 MP: 9/9
  5498 | D:5      | Noticed Ijyb
  5530 | D:5      | Killed Ijyb
  6233 | D:5      | Reached skill level 8 in Unarmed Combat
  6354 | D:6      | Found a stormy altar of Qazlal.
  6358 | D:6      | Found an iron altar of Okawaru.
  6362 | D:6      | Found a shimmering blue altar of Sif Muna.
  6363 | D:6      | Found a sparkling altar of Nemelex Xobeh.
  6413 | D:6      | Found a staircase to the Ecumenical Temple.
  6720 | D:6      | Noticed Sigmund
  6732 | D:6      | Killed Sigmund
  7106 | D:7      | Reached skill level 9 in Unarmed Combat
  7114 | D:7      | Gained mutation: You have very sharp fingernails. [demonic
                  | ancestry]
  7114 | D:7      | Reached XP level 9. HP: 36/71 MP: 8/10
  7395 | D:7      | Reached *** piety under Lugonu
  7902 | D:7      | Noticed a komodo dragon
  8736 | D:6      | Killed a komodo dragon
  8737 | D:6      | Reached skill level 10 in Unarmed Combat
  9484 | D:8      | Found a staircase to the Lair.
  9544 | D:8      | Reached skill level 5 in Armour
  9660 | D:8      | Reached **** piety under Lugonu
  9661 | D:8      | Reached XP level 10. HP: 78/80 MP: 9/11
  9781 | D:8      | Noticed Maurice
  9792 | D:8      | Reached skill level 1 in Dodging
  9976 | D:8      | Noticed Maggie
  9989 | D:8      | Killed Maggie
 10260 | D:8      | Killed Maurice
 11008 | D:9      | Noticed a two-headed ogre
 11029 | D:9      | Killed a two-headed ogre
 11166 | D:9      | Identified the Papyrus of Fire
 11294 | D:9      | Found a stormy altar of Qazlal.
 11294 | D:9      | Noticed a catoblepas
 11294 | D:9      | Noticed a centaur warrior
 11607 | Lair:1   | Entered Level 1 of the Lair of Beasts
 11607 | Lair:1   | Found a runed translucent gate.
 11607 | Lair:1   | Found a runed translucent gate.
 11607 | Lair:1   | Found a runed translucent gate.
 11610 | Lair:1   | Noticed ma3's ghost (journeyman OpCj)
 11612 | Lair:1   | Found a viscous altar of Jiyva.
 11654 | Lair:1   | Reached skill level 5 in Invocations
 11861 | Lair:1   | Noticed a cane toad
 11875 | Lair:1   | Killed a cane toad
 12100 | Lair:1   | Noticed a cane toad
 12106 | Lair:1   | Killed a cane toad
 12689 | Lair:2   | Found a staircase to the Shoals.
 12701 | Lair:2   | Gained mutation: You are mostly covered in slimy green
                  | scales. (AC +3) [demonic ancestry]
 12701 | Lair:2   | Reached XP level 11. HP: 82/86 MP: 16/18
 12710 | Lair:2   | Learned a level 2 spell: Static Discharge
 12821 | Lair:2   | Reached skill level 1 in Air Magic
 12821 | Lair:2   | Reached skill level 10 in Invocations
 12966 | Lair:2   | Reached skill level 1 in Conjurations
 14241 | Lair:3   | Reached skill level 5 in Conjurations
 14424 | Lair:3   | Found a hole to the Spider Nest.
 14444 | Lair:3   | Reached skill level 5 in Air Magic
 14478 | Lair:3   | Learned a level 3 spell: Swiftness
 15274 | Lair:3   | Noticed a lindwurm
 15283 | Lair:3   | Killed a lindwurm
 15696 | Lair:4   | Reached ***** piety under Lugonu
 15724 | Lair:4   | HP: 4/86 [yak (12)]
 16112 | Lair:3   | Gained mutation: You have claws for hands. [demonic
                  | ancestry]
 16112 | Lair:3   | Reached XP level 12. HP: 90/92 MP: 19/19
 16354 | Lair:4   | Reached skill level 1 in Stealth
 17027 | Lair:4   | HP: 1/92 [blink frog (5)]
 17579 | Lair:5   | Reached skill level 5 in Stealth
 17614 | Lair:5   | Noticed a death yak
 17614 | Lair:5   | Noticed a death yak
 17644 | Lair:5   | Killed a death yak
 17663 | Lair:5   | Noticed an eight-headed hydra
 17664 | Lair:5   | Banished an eight-headed hydra
 17665 | Lair:5   | Noticed a death yak
 17670 | Lair:5   | Noticed a death yak
 17676 | Lair:5   | Noticed a death yak
 17677 | Lair:5   | Noticed a death yak
 17677 | Lair:5   | Noticed a death yak
 17677 | Lair:5   | Noticed a death yak
 17677 | Lair:5   | Noticed a death yak
 17679 | Lair:5   | Noticed a death yak
 17689 | Lair:5   | Killed a death yak
 18072 | Lair:5   | Noticed Sonja
 18081 | Lair:5   | Killed Sonja
 18298 | Lair:5   | Found a viscous altar of Jiyva.
 18298 | Lair:5   | Found a staircase to the Slime Pits.
 18339 | Lair:5   | Noticed a death yak
 18355 | Lair:5   | Killed a death yak
 18788 | Lair:5   | Killed a death yak
 18789 | Lair:5   | Reached skill level 11 in Unarmed Combat
 18797 | Lair:5   | Killed a death yak
 19122 | Lair:5   | Killed a death yak
 19502 | Lair:5   | Killed a death yak
 19508 | Lair:5   | Killed a death yak
 19509 | Lair:5   | Reached skill level 10 in Fighting
 19514 | Lair:5   | Killed a death yak
 19515 | Lair:5   | Reached XP level 13. HP: 77/103 MP: 15/20
 19998 | Lair:6   | Entered Level 6 of the Lair of Beasts
 19999 | Lair:6   | Identified a scroll of acquirement
 19999 | Lair:6   | Acquired a manual of Air Magic
 20009 | Lair:5   | Learned a level 5 spell: Lightning Bolt
 20889 | Lair:5   | Reached skill level 12 in Unarmed Combat
 21934 | Lair:6   | Paralysed by a hornet for 2 turns
 22481 | Lair:6   | Killed from afar by a rime drake

Illustrated notes

Levels and vault maps discovered:
D:1:      erik_arrival_blinker_ship, layout_basic,
          hellmonk_ecumenical_altar_slurped_away
D:2:      layout_basic, serial_shops, nicolae_shop_waterfront, basic_altar,
          grunt_ministairs_9, nrook_campfire, corner_web_ring
D:3:      layout_rooms
D:4:      layout_loops_ring, uniq_pikel
D:5:      layout_cave_pods, uniq_blork_the_orc, uniq_ijyb
D:6:      layout_cave_pools, minitemple, minmay_temple_entry_gardened_gates,
          uniq_sigmund
D:7:      layout_rooms, minmay_lizard_king
D:8:      layout_basic, erik_lair_orcish_takeover, uniq_maurice, uniq_maggie
D:9:      layout_cave_pods, trog_book, hangedman_decor_opposing,
          hangedman_decor_diamond_cutter, minmay_ruined_shrine
Lair:1:   minmay_lair_venomous_thicket, layout_misc_corridors,
          gammafunk_ghost_ooze
Lair:2:   layout_layer_cave, minmay_shoals_entry_centaurs
Lair:3:   layout_long_grid, dummy_spider_entry, lemuel_fruit_tree,
          infiniplex_staircase_pool
Lair:4:   wander_river, layout_big_grid
Lair:5:   layout_cave_pods, slime_altar_1, chequers_serial_rivers_marsh,
          st_stairs_11, uniq_sonja
Lair:6:   gammafunk_lair_ancient_temple, layout_layer_cave,
          gauntlet_entry_generic, kennysheep_abandoned_house, uniq_urug

Skill      XL: |  1  2  3  4  5  6  7  8  9 10 11 12 13 |
---------------+----------------------------------------+-----
Short Blades   | 2 |  2.5
Unarmed Combat | 1 2 3 6 7 9 10 11 12 | 12.7
Fighting       | 4 5 6 8 10 11 | 11.9
Armour         | 5 6 |  6.0
Dodging        | 4 |  4.0
Invocations    | 9 10 | 10.0
Air Magic      | 6 7 |  7.0
Conjurations   | 6 7 |  7.0
Stealth        | 5 |  5.0

Action                   |  1- 3 |  4- 6 |  7- 9 | 10-12 | 13-15 || total
-------------------------+-------+-------+-------+-------+-------++-------
Melee: Short sword       |   144 |    21 |       |       |       ||   165
       Unarmed           |       |   121 |   401 |   537 |   200 ||  1259
       Punch             |       |     4 |     8 |    37 |    16 ||    65
 Cast: Static Discharge  |       |       |       |    40 |    11 ||    51
       Swiftness         |       |       |       |     2 |     1 ||     3
Invok: Bend Space        |       |       |     5 |     2 |     5 ||    12
       Banish            |       |       |       |     2 |     6 ||     8
  Use: Potion            |       |     3 |     3 |     7 |     1 ||    14
       Scroll            |       |       |       |     8 |     1 ||     9
 Stab: Sleeping          |     1 |       |     1 |     1 |       ||     3
       Invisible         |       |     5 |       |       |       ||     5
       Paralysed         |       |       |       |    20 |     8 ||    28
       Distracted        |       |       |       |     1 |       ||     1
Armor: Leather armour    |    40 |    48 |    83 |       |       ||   171
       Chain mail        |       |       |    70 |    16 |       ||    86
       Swamp dragon scal |       |       |       |   233 |    86 ||   319
Dodge: Dodged            |    62 |    89 |   147 |   306 |    96 ||   700

Table legend: (Time is in decaauts)
 A = Elapsed time spent in this place.
 B = Non-inter-level travel time spent in this place.
 C = Inter-level travel time spent in this place.
 D = Time resting spent in this place.
 E = Time spent auto-exploring this place.
 F = Levels seen in this place.
 G = Mean time per level.
                   A        B        C        D        E       F      G
               +--------+--------+--------+--------+--------+-----+--------+
         Total |  22305 |  21561 |    744 |      5 |  18341 |  16 | 1394.1 |
       Dungeon |  11464 |  11062 |    402 |      5 |   9398 |   9 | 1273.8 |
          Lair |  10769 |  10428 |    341 |      0 |   8877 |   6 | 1794.8 |
         Abyss |     72 |     72 |      0 |      0 |     66 |   1 |   72.0 |
               +--------+--------+--------+--------+--------+-----+--------+

Top non-repeatable levels by time:
  Lair:5: 3325 daAuts
  Lair:3: 2207 daAuts
  Lair:4: 1795 daAuts
     D:7: 1605 daAuts
     D:8: 1553 daAuts
  Lair:2: 1551 daAuts
     D:4: 1522 daAuts
     D:5: 1312 daAuts
     D:6: 1292 daAuts
     D:1: 1281 daAuts
  Lair:1: 1053 daAuts
     D:3: 1050 daAuts
     D:2: 930 daAuts
     D:9: 916 daAuts
  Lair:6: 835 daAuts
